 Dungeon Crawl Stone Soup version 0.30-a0-241-g1121274140 (webtiles) character file.

Game seed: 4080723680343508963

465 Ijustatesigmund the Trooper (level 7, 0/46 HPs)
             Began as a Gargoyle Fighter on Oct 11, 2022.
             Slain by a troll (7 damage)
             ... on level 5 of the Dungeon.
             The game lasted 00:04:38 (2840 turns).

Ijustatesigmund the Trooper (Gargoyle Fighter)      Turns: 2840, Time: 00:04:39

Health: 0/46       AC: 14    Str: 28    XL:     7   Next: 8%
Magic:  7/7        EV: 13    Int:  8    God:
Gold:   253        SH:  4    Dex:  9    Spells: 6/6 levels left

rFire   . . .      SeeInvis .    a - +0 flail
rCold   . . .      Faith    .    c - +0 buckler
rNeg    + . .      Spirit   .    b - +0 scale mail
rPois   ∞          Reflect  .    t - +0 helmet
rElec   +          Harm     .    (no cloak)
rCorr   .          Rampage  .    (no gloves)
Will    .....                    z - +0 pair of boots
Stlth   ..........               (no amulet)
HPRegen 0.27/turn                j - +6 ring of strength
MPRegen 0.10/turn                n - +4 ring of evasion

@: mighty
A: sickness immunity, AC +4, negative energy resistance 1, electricity
resistance, torment resistance 1, petrification resistance
a: no special abilities


You were on level 5 of the Dungeon.
You visited 1 branch of the dungeon, and saw 5 of its levels.

You collected 300 gold pieces.
You spent 47 gold pieces at shops.

Inventory:

Hand Weapons
 a - a +0 flail (weapon)
Missiles
 x - a throwing net (quivered)
Armour
 b - a +0 scale mail (worn)
 c - a +0 buckler (worn)
 t - a +0 helmet (worn)
 z - a +0 pair of boots (worn)
Jewellery
 j - a +6 ring of strength (left hand)
 n - a +4 ring of evasion (right hand)
 s - a ring of flight
Scrolls
 e - a scroll of silence {unknown}
 f - a scroll of teleportation {unknown}
 p - a scroll of magic mapping {unknown}
 q - a scroll of fear {unknown}
 r - 2 scrolls of torment {unknown}
 w - a scroll of brand weapon {unknown}
 y - a scroll of butterflies {unknown}
Potions
 d - a potion of might
 h - a potion of ambrosia
 k - 2 potions of curing
 l - 2 potions of magic
 m - a potion of attraction
 o - a potion of flight
 u - a potion of invisibility {unknown}
 v - 2 potions of lignification {unknown}


   Skills:
 + Level 6.0 Fighting
 + Level 4.9 Maces & Flails
 + Level 4.6 Armour
 - Level 3.2 Shields


You had 6 spell levels left.
You didn't know any spells.
Your spell library contained the following spells:

 Spells                   Type           Power      Damage    Failure   Level
 Summon Guardian Golem    Hex/Summ       0%         N/A       98%         3
 Orb of Destruction       Conj           0%         9d5       100%        7
 Spellforged Servitor     Conj/Summ      0%         N/A       100%        7


Dungeon Overview and Level Annotations

Branches:
Dungeon (5/15)
 Temple: D:4-7

Altars:

Shops:
D:3 *


Innate Abilities, Weirdness & Mutations

You are immune to sickness and miasma.
Your stone body is resilient. (AC +4)
You are immune to poison.
You resist negative energy. (rN+)
You are resistant to electric shocks. (rElec)
You are resistant to unholy torment.
You are immune to petrification.


Message History

The troll claws you but does no damage. x2
The centaur hits you but does no damage.
You block the centaur's attack. The troll bites you but does no damage.
The troll claws you! The troll barely misses you.
You barely miss the troll.
The troll is lightly wounded.
The centaur hits you but does no damage.
The centaur barely misses you. You block the centaur's attack.
The centaur kicks you but does no damage.
You block the troll's attack. The troll claws you.
The troll closely misses you.
You sock the troll!
The troll is moderately wounded.
The centaur closely misses you. The centaur barely misses you.
The troll bites you. The troll barely misses you. The troll closely misses you.
The centaur barely misses you.
The centaur kicks you but does no damage.
You hit the troll.
The troll is moderately wounded.
The centaur misses you. The centaur closely misses you. The troll bites you.
The troll claws you. The troll misses you. The centaur barely misses you.
The centaur kicks you but does no damage.
You sock the troll!
The troll is heavily wounded.
The centaur closely misses you.
The centaur kicks you but does no damage.
The troll closely misses you. The troll claws you!
* * * LOW HITPOINT WARNING * * *
The troll barely misses you.
The air fills with toxic fumes!
As you read the scroll of poison, it crumbles to dust.
You block the centaur's attack. x2; The troll bites you.
* * * LOW HITPOINT WARNING * * *
The troll claws you but does no damage. The troll closely misses you.
The centaur barely misses you. x2
The centaur wields a +0 shortbow.
The centaur shoots an arrow.
You block the arrow. The troll attacks as you move away!
You block the troll's attack. The troll claws you!
You die...

...# ##§§## #...
###§§§§##
#.§.###§§§§§§§##
#§§.##§§§§§§§§#.
#§§§#§§§§§§§§§§.
#§§§§§§§§§§§§§#
#§§§§§§§§§§§§§.
##§§§§@T.§§§§§.
##§§§§§§§c§§§§§.
#§§§§§§§§§§§§§§.
######§§#§§§§§§§§§§§.
#.....§##§§§§§§§§§§§.
#.....###§§§§§§§§§§§.
#####..##§§§§§§§§§§§.
# ##.####§§§§§§§§§. #
#..## ###### #


You could see a troll and a centaur.

Vanquished Creatures
  2 black bears (D:4)
  A phantom (D:4)
  An orc priest (D:4)
  Natasha (twice) (D:3)
  An iguana (D:5)
  3 gnolls (D:3)
  An adder (D:3)
  2 ufetubi (D:4)
  2 worms
  2 dart slugs
  4 orcs
  5 endoplasms
  3 giant cockroaches
  A goblin (D:3)
  2 hobgoblins
  3 jackals (D:1)
  3 quokkas
  2 ball pythons (D:1)
  7 bats
  2 frilled lizards (D:1)
  3 kobolds
  5 rats
57 creatures vanquished.

Notes
Turn   | Place    | Note
-------+----------+-------------------------------------------
     0 | D:1      | Ijustatesigmund the Gargoyle Fighter began the quest for
                  | the Orb.
     0 | D:1      | Reached XP level 1. HP: 14/14 MP: 1/1
   181 | D:1      | Reached XP level 2. HP: 12/19 MP: 2/2
   393 | D:1      | Found a faded altar of an unknown god.
   933 | D:2      | Reached XP level 3. HP: 24/24 MP: 3/3
  1018 | D:2      | Reached skill level 4 in Fighting
  1722 | D:3      | Noticed Natasha
  1729 | D:3      | Killed Natasha
  1730 | D:3      | Reached XP level 4. HP: 26/30 MP: 4/4
  2047 | D:3      | Noticed Natasha
  2048 | D:3      | Found Apiexuk's Assorted Antiques.
  2071 | D:3      | Killed Natasha
  2072 | D:3      | Reached skill level 5 in Fighting
  2072 | D:3      | Reached XP level 5. HP: 23/35 MP: 5/5
  2137 | D:3      | Bought a fizzy emerald potion for 22 gold pieces
  2137 | D:3      | Bought a scroll labelled SEODISS JAUVE for 25 gold pieces
  2161 | D:4      | Noticed a phantom
  2163 | D:4      | Noticed a black bear
  2171 | D:4      | Killed a phantom
  2181 | D:4      | Killed a black bear
  2182 | D:4      | Reached XP level 6. HP: 19/40 MP: 6/6
  2360 | D:4      | Noticed a black bear
  2364 | D:4      | Killed a black bear
  2373 | D:4      | Reached XP level 7. HP: 39/45 MP: 7/7
  2722 | D:5      | Entered Level 5 of the Dungeon
  2747 | D:5      | Reached skill level 6 in Fighting
  2821 | D:5      | Noticed a troll
  2840 | D:5      | Slain by a troll

Illustrated notes

Levels and vault maps discovered:
D:1:      moated_graveyard_arrival, layout_basic,
          dreamdust_ecumenical_altar_angels_and_demons, hangedman_decor_growths,
          kennysheep_crisscross
D:2:      layout_loops_ring
D:3:      layout_rooms, serial_shops, nicolae_square_shop,
          guppyfry_early_lair_pool, uniq_natasha
D:4:      layout_cave_pools
D:5:      layout_cave_pods, minmay_temple_entry_ruins, uniq_sigmund, uniq_ijyb

Skill      XL: |  1  2  3  4  5  6  7 |
---------------+----------------------+-----
Fighting       | 4 5 6 |  6.0
Maces & Flails | 3 4 |  4.9
Armour         | 4 |  4.6
Shields        | |  3.2

Action                   |  1- 3 |  4- 6 |  7- 9 || total
-------------------------+-------+-------+-------++-------
Melee: Flail             |   129 |    84 |    23 ||   236
  Use: Potion            |       |     2 |     3 ||     5
       Scroll            |       |     6 |     3 ||     9
Armor: Scale mail        |    82 |    51 |    28 ||   161
Dodge: Dodged            |    69 |    84 |    42 ||   195
Block: Buckler           |    40 |    21 |    23 ||    84

Table legend: (Time is in decaauts)
 A = Elapsed time spent in this place.
 B = Non-inter-level travel time spent in this place.
 C = Inter-level travel time spent in this place.
 D = Time resting spent in this place.
 E = Time spent auto-exploring this place.
 F = Levels seen in this place.
 G = Mean time per level.
                   A        B        C        D        E       F      G
               +--------+--------+--------+--------+--------+-----+--------+
         Total |   2906 |   2844 |     62 |    110 |   2172 |   5 |  581.2 |
       Dungeon |   2906 |   2844 |     62 |    110 |   2172 |   5 |  581.2 |
               +--------+--------+--------+--------+--------+-----+--------+

Top non-repeatable levels by time:
     D:1: 926 daAuts
     D:3: 670 daAuts
     D:2: 602 daAuts
     D:4: 585 daAuts
     D:5: 120 daAuts
